 Dungeon Crawl Stone Soup version 0.17.1-2-g5865329 (webtiles) character file.

224 Grim the Grave Robber (level 5, -2/35 HPs)
             Began as a Mummy Necromancer on Feb 12, 2016.
             Slain by a gnoll
             ... wielding a +0 whip
              (8 damage)
             ... on level 3 of the Dungeon.
             The game lasted 00:07:37 (2671 turns).

Grim the Grave Robber (Mummy Necromancer)           Turns: 2671, Time: 00:07:37

Health: -2/35      AC:  2    Str: 12    XL:     5   Next: 67%
Magic:  8/8        EV:  7    Int: 15    God:
Gold:   160        SH:  0    Dex: 12    Spells: 3 memorised, 2 levels left

rFire  x . .     SeeInvis .     (no weapon)
rCold  + . .     Clarity  .     a - +0 robe
rNeg   + + +     SustAt   .     (no shield)
rPois  ∞         Gourm    .     (no helmet)
rElec  .         Spirit   .     (no cloak)
rCorr  .         Warding  .     (no gloves)
rMut   .         Stasis   .     (no boots)
MR     .....                    (no amulet)
Stlth  ++........               (no ring)
                                (no ring)

@: not resistant to hostile enchantments, unstealthy
A: no food or potions, fire vulnerability, cold resistance 1, negative energy
resistance 3, torment resistance, unbreathing
a: no special abilities


You were on level 3 of the Dungeon.
You were not hungry.

You visited 1 branch of the dungeon, and saw 4 of its levels.
You also visited: Sewer.

You collected 160 gold pieces.

Inventory:

Armour
 a - a +0 robe (worn)
Jewellery
 e - an uncursed ring of positive energy {unknown}
Scrolls
 c - a scroll of immolation {unknown}
 d - a scroll of remove curse {unknown}
 f - a scroll of enchant weapon {unknown}
 g - a scroll of identify {unknown}
Books
 b - a book of Necromancy

   Spells                             Type                      Level
   a - Pain                           Necromancy                   1
   b - Animate Skeleton               Necromancy                   1
   c - Vampiric Draining              Necromancy                   3
   d - Regeneration                   Charms/Necromancy            3
   e - Animate Dead                   Necromancy                   4
   f - Control Undead                 Necromancy                   4


   Skills:
 - Level 1.5 Dodging
 - Level 1.5 Stealth
 - Level 2.0 Spellcasting
 + Level 7.0 Necromancy


You had 2 spell levels left.
You knew the following spells:

 Your Spells              Type           Power        Failure   Level  Hunger
a - Pain                  Necr           ###.         1%          1    N/A
b - Animate Skeleton      Necr           N/A          1%          1    N/A
c - Animate Dead          Necr           N/A          14%         4    N/A

Dungeon Overview and Level Annotations

Branches:
Dungeon (4/15)
 Temple: D:4-7

Altars:


Innate Abilities, Weirdness & Mutations

You do not eat or drink.
Your flesh is vulnerable to fire.
You are immune to poison.
Your flesh is cold resistant.
You are immune to negative energy.
You are immune to unholy pain and torment.
You can survive without breathing.


Message History

The quokka bites you.
* * * LOW HITPOINT WARNING * * *
The quokka closely misses you. The quokka completely misses you.
The quokka bites you.
* * * LOW HITPOINT WARNING * * *
The quokka bites you.
* * * LOW HITPOINT WARNING * * *
Found a stone staircase leading down.
The quokka closely misses you.
There is a stone staircase leading down here.
The quokka barely misses you.
You climb downwards.
A giant newt, a quokka, a giant cockroach and 4 gnolls come into view.
The gnoll shouts! x3
The gnoll hits you but does no damage.
Found a meat ration and a bread ration.
There is a stone staircase leading up here.
The gnoll hits you with a whip!
You die...

#.... ... ..l# ###....
...# ...####)..... ....#
....##........ .....####
..........#.#.
........#..........##.#.
........#.....##....[...
..s..g.g..# #.####.#.
.....g.@%# #. #...
#.g.....r# . #.##
#.......... ## #.#
#............ #.#
#.........#### #.#
#.r....w... ...
#........#.. .#.
####........# .


You could see a worm, 4 gnolls, 2 quokkas, a giant cockroach (wandering) and a
giant newt (sleeping).

Vanquished Creatures
  A hound (D:3)
  A worker ant (D:4)
  3 adders
  A worm (D:3)
  4 giant geckos (D:3)
  An orc (D:3)
  4 giant cockroaches
  5 hobgoblins
  4 jackals
  6 kobolds
  2 quokkas
  4 bats
  3 giant newts (D:1)
  3 goblins
  12 rats
54 creatures vanquished.

Vanquished Creatures (collateral kills)
  Purgy (Sewer)
  An orc (D:3)
  A rat (D:3)
3 creatures vanquished.

Grand Total: 57 creatures vanquished

Notes
Turn   | Place    | Note
--------------------------------------------------------------
     0 | D:1      | Grim the Mummy Necromancer began the quest for the Orb.
     0 | D:1      | Reached XP level 1. HP: 13/13 MP: 3/3
   346 | D:1      | Reached XP level 2. HP: 19/19 MP: 3/5
  1073 | D:2      | Reached skill level 5 in Necromancy
  1073 | D:2      | Reached XP level 3. HP: 13/24 MP: 0/6
  1209 | D:2      | You fall through a shaft for 2 floors!
  1378 | D:4      | Reached XP level 4. HP: 23/30 MP: 2/7
  1614 | D:3      | Reached skill level 6 in Necromancy
  1697 | D:3      | Found a glowing drain.
  1748 | Sewer    | Entered a sewer
  1998 | Sewer    | Noticed Purgy
  2003 | Sewer    | Learned a level 1 spell: Animate Skeleton
  2098 | Sewer    | Killed Purgy
  2098 | Sewer    | Reached XP level 5. HP: 11/35 MP: 0/8
  2469 | D:3      | Learned a level 4 spell: Animate Dead
  2502 | D:3      | Reached skill level 7 in Necromancy
  2671 | D:3      | Slain by a gnoll

Action                   |  1- 3 |  4- 6 || total
-------------------------+-------+-------++-------
Melee: Unarmed           |       |    15 ||    15
 Cast: Pain              |    48 |    59 ||   107
       Animate Skeleton  |       |     5 ||     5
       Animate Dead      |       |     2 ||     2
 Stab: Distracted        |       |     1 ||     1
